 Dungeon Crawl Stone Soup version 0.19.1-1-g22dce08 (webtiles) character file.

7480 Jynx the Scholar of Death (level 10, 0/63 HPs)
             Began as a Vampire Necromancer on Jan 15, 2017.
             Was a Follower of Kikubaaqudgha.
             Slain by a spiny frog (19 damage)
             ... on level 1 of the Lair of Beasts.
             The game lasted 00:26:28 (14472 turns).

Jynx the Scholar of Death (Vampire Necromancer)    Turns: 14472, Time: 00:26:28

Health: 0/63       AC: 10    Str:  7    XL:     10   Next: 94%
Magic:  14/22      EV: 13    Int: 18    God:    Kikubaaqudgha [*.....]
Gold:   739        SH:  0    Dex: 18    Spells: 4 memorised, 15 levels left

rFire  + . .     SeeInvis +     g - +1 dagger
rCold  + . .     Gourm    .     I - +2 robe {rC+}
rNeg   + + .     Faith    .     (no shield)
rPois  +         Spirit   .     H - +0 helmet
rElec  .         Reflect  .     p - +0 cloak
rCorr  +         Harm     .     o - +2 pair of gloves
MR     +....                    M - +0 pair of boots
Stlth  ++++++....               c - amulet of magic regeneration
                                x - ring of resist corrosion
                                A - ring of fire

@: lethally poisoned (0 -> -10), regenerating slowly
A: fangs 3, see invisible, unbreathing
a: Bat Form, Receive Corpses, Renounce Religion


You were on level 1 of the Lair of Beasts.
You worshipped Kikubaaqudgha.
Kikubaaqudgha was aware of your devotion.
You were very thirsty.

You visited 3 branches of the dungeon, and saw 11 of its levels.

You collected 739 gold pieces.

Inventory:

Hand Weapons
 g - a +1 dagger (weapon)
Armour
 o - a +2 pair of gloves (worn)
 p - a +0 cloak (worn)
 H - a +0 helmet (worn)
 I - a +2 robe of cold resistance (worn)
 M - a +0 pair of boots (worn)
Jewellery
 c - an amulet of magic regeneration (around neck)
 s - an uncursed amulet of regeneration
 x - a ring of resist corrosion (right hand)
 A - a ring of fire (left hand)
Wands
 r - a wand of confusion (0/48)
 y - a wand of iceblast (0/15)
 C - a wand of lightning (0/15)
 D - a wand of polymorph (3/24)
Scrolls
 a - a scroll of teleportation
 e - a scroll of immolation
 f - 5 scrolls of fog
 i - a scroll of recharging
 m - 5 scrolls of remove curse
 E - 2 scrolls of identify
 F - a scroll of amnesia
 J - a scroll of fear
Potions
 d - a potion of cure mutation
 h - a potion of magic
 j - 3 potions of curing
 k - a potion of cancellation
 l - a potion of invisibility {unknown}
 n - 2 potions of flight {unknown}
 q - 2 potions of agility
 t - a potion of ambrosia {unknown}
 u - 2 potions of heal wounds {unknown}
 v - a potion of beneficial mutation {unknown}
 w - a potion of degeneration {unknown}
 z - 2 potions of resistance {unknown}
 B - a potion of mutation {unknown}
 G - 2 potions of berserk rage {unknown}
 L - a potion of brilliance {unknown}
Books
 b - a book of Necromancy

   Spells                             Type                      Level
   a - Pain                           Necromancy                   1
   b - Animate Skeleton               Necromancy                   1
   c - Vampiric Draining              Necromancy                   3
   d - Regeneration                   Charms/Necromancy            3
   e - Animate Dead                   Necromancy                   4
   f - Control Undead                 Necromancy                   4
 K - Kikubaaqudgha's Incunabulum of Evil Rituals
   (Kikubaaqudgha gifted it to you on level 9 of the Dungeon)

   Spells                             Type                      Level
   a - Pain                           Necromancy                   1
   b - Corpse Rot                     Necromancy                   2
   c - Sublimation of Blood           Necromancy                   2
   d - Regeneration                   Charms/Necromancy            3
   e - Control Undead                 Necromancy                   4


   Skills:
 - Level 2.1 Dodging
 + Level 13.0 Stealth
 + Level 8.0 Spellcasting
 * Level 13.3 Necromancy


You had 15 spell levels left.
You knew the following spells:

 Your Spells              Type           Power        Failure   Level  Hunger
a - Pain                  Necr           ####         1%          1    None
b - Vampiric Draining     Necr           ######....   1%          3    #......
c - Control Undead        Necr           ######....   1%          4    ###....
d - Sublimation of Blood  Necr           ######....   1%          2    None


Dungeon Overview and Level Annotations

Branches:
Dungeon (9/15)             Temple (1/1) D:7            Lair (1/6) D:8
    Orc: D:9-12

Altars:
Ashenzari
Cheibriados
Dithmenos
Elyvilon
Fedhas
Gozag
Hepliaklqana
Kikubaaqudgha
Nemelex Xobeh
Okawaru
Qazlal
Ru
Sif Muna
Trog
Uskayaw
Vehumet
Yredelemnul
Zin
The Shining One


Innate Abilities, Weirdness & Mutations

You heal slowly.
You have razor-sharp teeth.
You have supernaturally acute eyesight. (SInv)
You can survive without breathing.


Message History

The spiny frog writhes in agony!
You feel sick. The spiny frog barely misses you. The spiny frog stings you!
Casting: Pain
Confirm with . or Enter, or press ? or * to list all spells.
Aiming: Vampiric Draining
Press: ? - help, Shift-Dir - straight line, f/p - spiny frog
Aim: a spiny frog (heavily wounded)
The spiny frog is severely wounded.
You feel life coursing into your body.
You feel sick. The spiny frog stings you!!
* * * LOW HITPOINT WARNING * * *
Casting: Vampiric Draining
Confirm with . or Enter, or press ? or * to list all spells.
Aiming: Vampiric Draining
Press: ? - help, Shift-Dir - straight line, f/p - spiny frog
Aim: a spiny frog (severely wounded)
The spiny frog is severely wounded.
You feel life coursing into your body. The spiny frog stings you!!
You die...
Kikubaaqudgha rasps: "You have failed me!
Welcome... oblivion!"

...........................#.....
#####......########..............
#......# #......(.#.....
#####......# #.........#.#.#
#.#.#......# #...............
...........# ##..#.#######.#.
...........## #..## ###.
...........P# #####..# #..
............###P@F...## ##.
..............>......... ....
.########P##.#.#.###.##. #.##. ##
########## # # ##


You could see a spiny frog.

Vanquished Creatures
  Erica (Lair:1)
  A centaur warrior (D:9)
  2 spiny frogs (Lair:1)
  A blink frog (D:8)
  A hippogriff (D:9)
  4 yaks
  Sigmund (D:3)
  A spriggan (D:8)
  A hungry ghost (D:9)
  3 water moccasins
  A porcupine (Lair:1)
  A sky beast (D:8)
  4 orc warriors
  2 ice beasts
  4 phantoms
  2 black bears
  5 ogres
  4 crocodiles
  3 bullfrogs
  A gnoll sergeant (D:8)
  3 killer bees
  4 howler monkeys
  4 bullfrog zombies
  3 crimson imps
  2 hounds (D:6)
  A centaur zombie (D:6)
  5 jellies
  An orc priest (D:6)
  A bullfrog skeleton (D:9)
  10 worker ants
  An iguana (D:4)
  7 orc wizards
  2 killer bee zombies
  A hound zombie (D:8)
  A howler monkey zombie (D:8)
  A worker ant zombie (D:6)
  5 gnolls (D:8)
  A river rat (D:8)
  7 adders
  4 shadow imps
  An adder skeleton (D:7)
  2 worms
  2 dart slugs
  9 leopard geckos
  31 orcs
  A ball python (D:7)
  15 bats
  4 giant cockroaches
  11 goblins
  7 hobgoblins
  5 jackals
  6 kobolds
  6 quokkas
  2 frilled lizards
  12 rats
221 creatures vanquished.

Vanquished Creatures (others)
  7 fungi
  A plant (D:8)
8 creatures vanquished.

Grand Total: 229 creatures vanquished

Notes
Turn   | Place    | Note
-------+----------+-------------------------------------------
     0 | D:1      | Jynx the Vampire Necromancer began the quest for the Orb.
     0 | D:1      | Reached XP level 1. HP: 13/13 MP: 3/3
   198 | D:1      | Reached XP level 2. HP: 17/19 MP: 3/5
  1226 | D:2      | Reached XP level 3. HP: 22/24 MP: 2/6
  1284 | D:2      | Reached skill level 5 in Necromancy
  1963 | D:2      | Reached XP level 4. HP: 28/30 MP: 4/8
  2762 | D:3      | Noticed Sigmund
  2774 | D:3      | Killed Sigmund
  2774 | D:3      | Reached skill level 5 in Stealth
  2774 | D:3      | Reached XP level 5. HP: 24/35 MP: 3/9
  2922 | D:4      | Found a sparkling altar of Nemelex Xobeh.
  2923 | D:4      | Found a stormy altar of Qazlal.
  2924 | D:4      | Found a hazy altar of Hepliaklqana.
  3031 | D:4      | Found a deep blue altar of Sif Muna.
  3048 | D:4      | Reached XP level 6. HP: 41/41 MP: 10/10
  3151 | D:4      | Found an iron altar of Okawaru.
  3221 | D:4      | Learned a level 3 spell: Vampiric Draining
  3226 | D:4      | Learned a level 4 spell: Control Undead
  3914 | D:5      | Entered Level 5 of the Dungeon
  4286 | D:5      | Reached XP level 7. HP: 46/46 MP: 12/12
  5018 | D:6      | Reached XP level 8. HP: 28/52 MP: 9/14
  5786 | D:6      | Reached skill level 5 in Spellcasting
  6160 | D:7      | Found a staircase to the Ecumenical Temple.
  6169 | Temple   | Entered the Ecumenical Temple
  7442 | D:7      | Found a shattered altar of Ashenzari.
  7480 | D:7      | Found an ancient bone altar of Kikubaaqudgha.
  7539 | D:7      | Found a faded altar of an unknown god.
  7539 | D:7      | Found a glowing silver altar of Zin.
  7544 | D:7      | Found a faded altar of an unknown god.
  7546 | D:7      | Found a faded altar of an unknown god.
  7548 | D:7      | Found a faded altar of an unknown god.
  7706 | D:7      | Reached skill level 10 in Necromancy
  7798 | D:8      | Reached XP level 9. HP: 48/57 MP: 17/17
  8559 | D:8      | Reached skill level 10 in Stealth
  8815 | D:8      | Found a basalt altar of Yredelemnul.
  9745 | D:8      | Found a staircase to the Lair.
 10206 | D:7      | Became a worshipper of Kikubaaqudgha
 10809 | D:9      | Reached XP level 10. HP: 37/63 MP: 20/20
 10943 | D:9      | Found a sacrificial altar of Ru.
 11737 | D:9      | Found a hide-covered altar of Uskayaw.
 11762 | D:9      | Reached * piety under Kikubaaqudgha
 11762 | D:9      | Identified Kikubaaqudgha's Incunabulum of Evil Rituals (Kikubaaqudgha gifted it to you on level 9 of the Dungeon)
 11762 | D:9      | Received a gift from Kikubaaqudgha
 11769 | D:9      | Learned a level 2 spell: Sublimation of Blood
 12013 | D:9      | Noticed a centaur warrior
 12788 | D:9      | Killed a centaur warrior
 13072 | Lair:1   | Entered Level 1 of the Lair of Beasts
 13360 | Lair:1   | Noticed a spiny frog
 13370 | Lair:1   | Killed a spiny frog
 13546 | Lair:1   | Noticed Erica
 13560 | Lair:1   | Killed Erica
 13744 | Lair:1   | Noticed a spiny frog
 13870 | D:8      | HP: 3/63 [shadow imp (5)]
 14377 | Lair:1   | Noticed a spiny frog
 14395 | Lair:1   | Killed a spiny frog
 14472 | Lair:1   | Slain by a spiny frog

Skill      XL: |  1  2  3  4  5  6  7  8  9 10 |
---------------+-------------------------------+-----
Necromancy     | 5 6 7 8 10 11 13 | 13.3
Stealth        | 4 5 6 7 9 11 13 | 13.0
Spellcasting   | 3 4 5 6 8 |  8.0
Dodging        | |  2.1

Action                   |  1- 3 |  4- 6 |  7- 9 | 10-12 || total
-------------------------+-------+-------+-------+-------++-------
Melee: Dagger            |    32 |    12 |   202 |   112 ||   358
       Bite              |     5 |     2 |    20 |    12 ||    39
       Unarmed           |       |       |     2 |       ||     2
 Cast: Pain              |    66 |    71 |   271 |    79 ||   487
       Vampiric Draining |       |       |    44 |    33 ||    77
 Abil: End Transformatio |       |     1 |     4 |     2 ||     7
       Bat Form          |       |     1 |     4 |     2 ||     7
Evoke: Wand              |       |       |    10 |     7 ||    17
  Use: Scroll            |     9 |     2 |     8 |       ||    19
 Stab: Sleeping          |     1 |     4 |    11 |     4 ||    20
       Confused          |       |       |     5 |       ||     5
       Distracted        |       |       |     1 |       ||     1
  Eat: Corpse            |     7 |     5 |    16 |     6 ||    34
Armor: Robe              |    10 |     8 |   118 |    54 ||   190
Dodge: Dodged            |    31 |    18 |   245 |    98 ||   392
